 Dungeon Crawl Stone Soup version 0.24-a0-201-gf205589 (console) character file.

Game seed: 6365466347714138858

41468 Duffy the Cleaver (level 13, -1/113 HPs)
             Began as a Minotaur Gladiator on Mar 22, 2019.
             Was the Champion of Cheibriados.
             Slain by a nine-headed hydra (8 damage)
             ... on level 6 of the Lair of Beasts.
             The game lasted 00:21:12 (19516 turns).

Duffy the Cleaver (Minotaur Gladiator)             Turns: 19516, Time: 00:21:13

Health: -1/113     AC: 14    Str: 40    XL:     13   Next: 80%
Magic:  18/21      EV: 22    Int: 20    God:    Cheibriados [******]
Gold:   1273       SH:  0    Dex: 29    Spells: 12/12 levels left

rFire    . . .     SeeInvis .   I - +2 war axe (venom)
rCold    . . .     Gourm    +   (no shield)
rNeg     + + .     Faith    .   Y - +3 scale mail {rPois}
rPois    +         Spirit   .   c - +0 hat
rElec    .         Reflect  .   (no cloak)
rCorr    .         Harm     .   h - +0 pair of gloves {Dex+3}
MR       .....                  V - +0 pair of boots
Stlth    +.........             r - amulet of the gourmand
HPRegen  0.28/turn              a - ring of positive energy
MPRegen  0.17/turn              W - ring of positive energy

@: very slow
A: retaliatory headbutt, horns 2
a: Bend Time, Temporal Distortion, Slouch, Step From Time, Renounce Religion


You were on level 6 of the Lair of Beasts.
You worshipped Cheibriados.
Cheibriados was exalted by your worship.
You were completely stuffed.

You visited 3 branches of the dungeon, and saw 18 of its levels.
You also visited: Ossuary.

You collected 1273 gold pieces.

Inventory:

Hand Weapons
 I - a +2 war axe of venom (weapon)
 Q - a +1 dagger of distortion
 T - a +7 trident of freezing
Missiles
 d - 3 throwing nets (quivered)
Armour
 b - a +1 ring mail of cold resistance
 c - a +0 hat (worn)
 h - a +0 pair of gloves of dexterity (worn)
 m - a +4 chain mail
 V - a +0 pair of boots (worn)
 Y - a +3 scale mail of poison resistance (worn)
Jewellery
 a - a ring of positive energy (left hand)
 l - the ring "Syclos" {Fire MR+ Int+4}
   (You found it on level 5 of the Lair of Beasts)

   [ring of fire]

   It enhances your fire magic.
   It affects your intelligence (+4).
   It protects you from fire.
   It makes you vulnerable to cold.
   It affects your resistance to hostile enchantments.
 n - an uncursed ring of see invisible
 r - an amulet of the gourmand (around neck)
 y - an uncursed ring of magical power
 A - an uncursed ring of protection from magic
 K - an uncursed ring of protection from cold
 W - a ring of positive energy (right hand)
Wands
 w - a wand of disintegration (17)
 D - a wand of flame (9)
 H - a wand of clouds (11)
 J - a wand of paralysis (20)
 N - a wand of iceblast (8)
 O - a wand of polymorph (9)
 P - a wand of enslavement (8)
 X - a wand of digging (5)
Scrolls
 g - 4 scrolls of magic mapping
 i - 3 scrolls of teleportation
 j - 6 scrolls of immolation
 k - 5 scrolls of blinking
 p - 9 scrolls of remove curse {unknown}
 q - a scroll of fear
 s - 4 scrolls of enchant armour
 t - a scroll of silence
 x - 4 scrolls of enchant weapon
 M - a scroll of brand weapon
 U - 2 scrolls of fog
 Z - 2 scrolls of vulnerability
Potions
 e - 7 potions of heal wounds
 o - 8 potions of curing
 v - 3 potions of invisibility {unknown}
 z - 2 potions of flight
 B - 6 potions of mutation
 C - 3 potions of degeneration {unknown}
 E - a potion of magic {unknown}
 F - a potion of lignification
 G - a potion of agility
 L - a potion of might
 R - a potion of ambrosia
Miscellaneous
 S - a lamp of fire
Comestibles
 f - 37 rations
 u - 5 chunks of flesh


   Skills:
 - Level 10.0 Fighting
 + Level 14.8 Axes
 - Level 2.0 Throwing
 - Level 10.0 Armour
 - Level 10.2 Dodging
 + Level 12.9 Invocations
 - Level 6.1 Evocations


You had 12 spell levels left.
You didn't know any spells.
Your spell library contained the following spells:

 Spells                   Type           Power        Failure   Level  Hunger
 Magic Dart               Conj           #...         30%         1    ##.....
 Searing Ray              Conj           #.....       41%         2    ###....
 Dazzling Spray           Conj/Hex       #.....       65%         3    ####...
 Ignite Poison            Fire/Tmut/Pois #.......     65%         3    ####...
 Force Lance              Conj/Tloc      #.......     96%         4    #####..
 Fulminant Prism          Conj/Hex       #.........   96%         4    #####..
 Iskenderun's Mystic Bla  Conj           #.......     96%         4    #####..
 Fireball                 Conj/Fire      #.........   100%        5    ######.
 Bolt of Fire             Conj/Fire      #.........   100%        6    #######
 Ring of Flames           Chrm/Fire      #.........   100%        7    #######
 Ignition                 Fire           #.........   100%        8    #######


Dungeon Overview and Level Annotations

Branches:
Dungeon (11/15)            Temple (1/1) D:5            Lair (6/6) D:11
 Shoals (0/4) Lair:4       Spider (0/4) Lair:4        Slime (0/5) Lair:6
    Orc (0/2) D:10

Altars:
Ashenzari
Cheibriados
Dithmenos
Elyvilon
Fedhas
Gozag
Hepliaklqana
Kikubaaqudgha
Makhleb
Nemelex Xobeh
Okawaru
Qazlal
Ru
Sif Muna
Trog
Uskayaw
Vehumet
Wu Jian
Xom
Yredelemnul
Zin
The Shining One
Jiyva

Shops:
D:5 %

Annotations:
D:9 3 runed translucent doors, Yolobob's ghost, novice OgHu
Lair:6 1 exclusion


Innate Abilities, Weirdness & Mutations

You reflexively headbutt those who attack you in melee.
You have a pair of horns on your head.


Message History

Your surroundings seem slightly different.
Splash!
You fall into the shallow water.
Moving in this stuff is going to be slow.
As you read the scroll of fear, it crumbles to dust.
You assume a fearsome visage.
The nine-headed hydra resists with some effort.
The nine-headed hydra bites you. x3
The nine-headed hydra bites you but does no damage.
The nine-headed hydra bites you!
The nine-headed hydra closely misses you. x2
The nine-headed hydra bites you!
The nine-headed hydra barely misses you.
As you read the scroll of fear, it crumbles to dust.
You assume a fearsome visage.
The nine-headed hydra resists with almost no effort.
The nine-headed hydra completely misses you.
You furiously retaliate!
You headbutt the nine-headed hydra. The nine-headed hydra bites you! x2
You die...

...........## #..
P..........# .###7.PP##
..........## ..7.P..P
#.........# #P~~~P.## .
#.<...[.#### 7~~~~~..#..
#.....##.#.###7~.~~~~..
##...P.##.#....7~~~~~7.#P
P#.....%......7~~~~~.....
........%......~.@~~~..#
..PP.#..........~D~~...#
##.............~~.~.~7...
####.........#.~)~~.~.P..
.# #.............~~.P..P.
.####.......#...........P
.P.##......#.........#...
..P###.....##........#...
..## #...PP#.......###


You could see a nine-headed hydra.

Vanquished Creatures
  A dire elephant (Lair:6)
  Josephine (Lair:6)
  Erolcha (D:11)
  2 hydras
  2 catoblepae (Lair:6)
  4 death yaks (Lair:6)
  2 two-headed ogres
  Urug (Lair:2)
  Pikel (D:5)
  A lindwurm (Lair:3)
  An ugly thing (D:11)
  2 oklob plants (D:11)
  11 elephants (Lair:4)
  A merfolk siren (Lair:4)
  Joseph (D:7)
  2 black mambas (Lair:5)
  7 spiny frogs
  Psyche (D:11)
  7 komodo dragons
  A rime drake (Lair:6)
  2 trolls
  3 jumping spiders (Lair:4)
  A merfolk (Lair:4)
  5 polar bears
  4 hornets
  Prince Ribbit (D:7)
  Grinder (D:3)
  19 dream sheep
  13 blink frogs
  3 hippogriffs
  A vampire (D:11)
  4 redbacks (Lair:4)
  6 wraiths
  A wyvern (Lair:5)
  5 yaks (Lair:6)
  A basilisk (Lair:5)
  2 steam dragons
  Menkaure (D:7)
  A two-headed ogre zombie (D:10)
  4 porcupines
  6 water moccasins
  3 slaves (D:5)
  4 sky beasts
  4 orc warriors
  A black bear (D:7)
  An ice beast (D:9)
  A necrophage (D:11)
  5 phantoms
  An ogre (D:11)
  7 wolves
  8 crocodiles
  4 centaurs
  4 big kobolds
  An elf zombie (Ossuary)
  13 bullfrogs
  2 gnoll sergeants
  A water moccasin zombie (D:8)
  2 troll zombies (D:10)
  7 scorpions
  9 killer bees
  5 wights
  A howler monkey (D:6)
  4 electric eels
  4 crimson imps
  4 hounds
  4 orc priests
  3 jellies
  7 orc wizards
  2 centaur skeletons
  2 bullfrog skeletons
  Ijyb (D:5)
  An iguana (D:6)
  6 worker ants
  5 ogre zombies (D:10)
  2 hound zombies
  A hound skeleton (D:8)
  3 mummies (Ossuary)
  A worker ant zombie (D:6)
  A gnoll (D:5)
  A howler monkey skeleton (D:8)
  8 adders
  2 shadow imps (D:9)
  4 adder zombies (Ossuary)
  A worm (D:2)
  A dart slug (D:3)
  9 leopard geckos
  26 orcs
  3 giant cockroaches
  3 goblins (D:1)
  6 hobgoblins
  10 jackals
  25 kobolds
  A quokka (D:9)
  A ball python (D:1)
  6 bats
  5 frilled lizards
  A goblin skeleton (D:10)
  A goblin zombie (D:6)
  3 hobgoblin skeletons (D:10)
  7 hobgoblin zombies
  6 kobold zombies (Ossuary)
  6 orc skeletons (D:10)
  11 orc zombies (D:10)
  2 quokka zombies (Ossuary)
  8 rats
  3 rat zombies
  A fungus (Lair:6)
  14 plants
444 creatures vanquished.

Vanquished Creatures (others)
  3 gnolls (D:5)
  An adder (D:10)
  A leopard gecko (D:10)
  An orc (D:5)
  2 fungi
  6 plants (Lair:6)
14 creatures vanquished.

Grand Total: 458 creatures vanquished

Notes
Turn   | Place    | Note
-------+----------+-------------------------------------------
     0 | D:1      | Duffy the Minotaur Gladiator began the quest for the Orb.
     0 | D:1      | Reached XP level 1. HP: 18/18 MP: 0/0
   110 | D:1      | Reached skill level 4 in Axes
   118 | D:1      | Reached XP level 2. HP: 19/25 MP: 1/1
   836 | D:2      | Reached skill level 5 in Axes
   836 | D:2      | Reached XP level 3. HP: 10/30 MP: 2/2
  1830 | D:3      | Noticed Grinder
  2210 | D:4      | Got a transparent rapier
  2214 | D:4      | Reached skill level 6 in Axes
  2214 | D:4      | Reached XP level 4. HP: 37/37 MP: 3/3
  2442 | D:4      | Noticed a phantom
  2472 | D:4      | Killed a phantom
  2472 | D:4      | Reached skill level 7 in Axes
  2472 | D:4      | Reached XP level 5. HP: 35/42 MP: 2/4
  2715 | D:4      | Found an ancient bone altar of Kikubaaqudgha.
  2985 | D:5      | Entered Level 5 of the Dungeon
  3026 | D:5      | Reached skill level 8 in Axes
  3050 | D:5      | Noticed a slave
  3052 | D:5      | Noticed Pikel
  3053 | D:5      | Noticed a slave
  3054 | D:5      | Noticed a slave
  3055 | D:5      | Noticed a slave
  3064 | D:5      | Killed Pikel
  3064 | D:5      | Reached skill level 10 in Axes
  3064 | D:5      | Reached XP level 6. HP: 20/50 MP: 2/5
  3064 | D:5      | Reached XP level 7. HP: 23/56 MP: 2/6
  3074 | D:5      | Noticed Ijyb
  3254 | D:5      | Killed Ijyb
  3292 | D:5      | Found a staircase to the Ecumenical Temple.
  3311 | Temple   | Entered the Ecumenical Temple
  3584 | Temple   | Became a worshipper of Cheibriados the Contemplative
  3818 | D:5      | Found a hazy altar of Hepliaklqana.
  3843 | D:5      | Reached skill level 1 in Armour
  3921 | D:5      | Found Ceheur's Food Emporium.
  4212 | D:6      | Reached XP level 8. HP: 51/66 MP: 5/7
  4232 | D:6      | HP: 1/66 [steam dragon] (6)]
  4374 | D:6      | Found a sand-covered staircase.
  4406 | Ossuary  | Entered an ossuary
  4606 | Ossuary  | Reached * piety under Cheibriados
  4613 | Ossuary  | Reached skill level 5 in Dodging
  4845 | D:6      | Reached skill level 5 in Fighting
  5037 | D:6      | Found a white marble altar of Elyvilon.
  5127 | D:6      | Reached skill level 1 in Evocations
  5128 | D:6      | Reached skill level 5 in Armour
  5364 | D:6      | Reached ** piety under Cheibriados
  5708 | D:6      | Reached XP level 9. HP: 66/75 MP: 7/9
  6356 | D:3      | Paralysed by Grinder for 5 turns
  6365 | D:3      | Killed Grinder
  6850 | D:7      | Noticed Menkaure
  6857 | D:7      | Killed Menkaure
  6897 | D:7      | Reached skill level 1 in Invocations
  7072 | D:7      | Noticed Joseph
  7079 | D:7      | Killed Joseph
  7395 | D:7      | Noticed Prince Ribbit
  7400 | D:7      | Killed Prince Ribbit
  7550 | D:8      | Noticed a two-headed ogre
  7554 | D:8      | Killed a two-headed ogre
  7554 | D:8      | Reached XP level 10. HP: 77/88 MP: 12/12
  7560 | D:8      | Reached *** piety under Cheibriados
  8037 | D:8      | Reached **** piety under Cheibriados
  8413 | D:9      | Found a runed translucent gate.
  8413 | D:9      | Found a runed translucent gate.
  8413 | D:9      | Found a runed translucent gate.
  8413 | D:9      | Noticed Yolobob's ghost (novice OgHu)
  8536 | D:9      | Reached skill level 5 in Evocations
  8581 | D:9      | Found an opulent altar of Gozag.
  8650 | D:9      | Reached skill level 5 in Invocations
  9000 | D:9      | Noticed a two-headed ogre
  9005 | D:9      | Killed a two-headed ogre
  9130 | D:9      | Reached ***** piety under Cheibriados
  9510 | D:10     | Entered Level 10 of the Dungeon
  9791 | D:10     | Found an ornate altar of the Wu Jian Council.
  9843 | D:10     | Found a staircase to the Orcish Mines.
  9855 | D:10     | Reached XP level 11. HP: 77/93 MP: 15/15
 10167 | D:10     | Reached ****** piety under Cheibriados
 10616 | D:11     | Noticed Erolcha
 10619 | D:11     | Killed Erolcha
 10718 | D:11     | Noticed an oklob plant
 10752 | D:11     | Noticed a purple ugly thing
 10759 | D:11     | Killed a purple ugly thing
 10766 | D:11     | Found a staircase to the Lair.
 10769 | D:11     | Noticed an oklob plant
 10865 | D:11     | Noticed Psyche
 10995 | D:11     | Killed Psyche
 11372 | D:11     | Killed an oklob plant
 11587 | D:11     | Killed an oklob plant
 11963 | Lair:1   | Entered Level 1 of the Lair of Beasts
 12318 | Lair:1   | Noticed a four-headed hydra
 12338 | Lair:1   | Killed a four-headed hydra
 12956 | Lair:2   | Noticed Urug
 12965 | Lair:2   | Killed Urug
 13626 | Lair:3   | Reached XP level 12. HP: 52/106 MP: 18/18
 13894 | Lair:3   | Reached skill level 10 in Fighting
 14027 | Lair:3   | Reached skill level 10 in Armour
 14082 | Lair:3   | Noticed an eight-headed hydra
 14088 | Lair:3   | Killed an eight-headed hydra
 14088 | Lair:3   | Reached skill level 10 in Dodging
 14349 | Lair:3   | Reached skill level 11 in Axes
 15021 | Lair:4   | Reached skill level 10 in Invocations
 15145 | Lair:4   | Reached skill level 12 in Axes
 15571 | Lair:4   | Found a hole to the Spider Nest.
 15792 | Lair:4   | Found a staircase to the Shoals.
 15804 | Lair:4   | Reached XP level 13. HP: 113/113 MP: 20/20
 16499 | Lair:5   | Reached skill level 13 in Axes
 16768 | Lair:5   | Got a brightly glowing pewter ring
 16770 | Lair:5   | Identified the ring "Syclos" {Fire MR+ Int+4} (You found it
                  | on level 5 of the Lair of Beasts)
 17666 | Lair:6   | Entered Level 6 of the Lair of Beasts
 18177 | Lair:6   | Found a viscous altar of Jiyva.
 18178 | Lair:6   | Found a staircase to the Slime Pits.
 18509 | Lair:6   | Reached skill level 14 in Axes
 18778 | Lair:6   | Noticed a dire elephant
 18792 | Lair:6   | Killed a dire elephant
 19458 | Lair:6   | Noticed Josephine
 19500 | Lair:6   | Killed Josephine
 19516 | Lair:6   | Slain by a nine-headed hydra

Levels and vault maps discovered:
D:1:      onia_arrival_mini_maze_b, layout_rooms
D:2:      layout_basic
D:3:      layout_basic, uniq_grinder
D:4:      layout_basic, lemuel_doored_altar, first_ration
D:5:      layout_rooms, nicolae_overflow_crystal_walls, temple_doors_ab,
          serial_shops, shop, uniq_ijyb, uniq_pikel
D:6:      layout_basic, kennysheep_mini, enter_ossuary_4, sword_in_stone
D:7:      layout_cave_pods, uniq_prince_ribbit1, uniq_joseph, uniq_menkaure
D:8:      layout_basic
D:9:      layout_gridville, marbit_many_paths, gammafunk_ghost_spectres,
          hangedman_pestilent_swarm
D:10:     layout_roguey, zombieorc2_lemuel, basic_altar
D:11:     layout_basic, dpeg_oklobed_lair, uniq_psyche, uniq_erolcha
Temple:   compressed_dpeg_circular_temple
Lair:1:   layout_hall_layers, chequers_serial_rivers_micro_e,
          serial_bayou_lagoon_b
Lair:2:   layout_roguey, infiniplex_staircase_pool_2, serial_bayou_shore_b,
          grunt_megastairs_5, uniq_urug
Lair:3:   layout_cave_pods, st_stairs_7, serial_bayou_shore_b
Lair:4:   layout_cave_pods, elwin_shoals_entry_rooms,
          nicolae_spider_entry_tight_spaces, beast_lair_carwin_1
Lair:5:   layout_cave_pods, disabler_island, grunt_megastairs_1
Lair:6:   evilmike_catoblepas_cave, layout_cave_pods,
          dpeg_slime_entry_enclosed_altar, minmay_lair_oklob_items,
          columned_hall_lemuel, minivault_27, st_stairs_12, serial_bayou_pond_b,
          eino_small_chamber_without_monster, infiniplex_staircase_pool,
          lemuel_fruit_tree, uniq_josephine
Ossuary:  ossuary_minmay_chase

Skill      XL: |  1  2  3  4  5  6  7  8  9 10 11 12 13 |
---------------+----------------------------------------+-----
Axes           | 4 5 6 7 10 12 14 | 14.8
Fighting       | 3 6 7 9 10 | 10.0
Armour         | 2 5 7 9 10 | 10.0
Dodging        | 4 6 7 9 10 | 10.2
Evocations     | 2 4 6 |  6.1
Invocations    | 3 7 9 11 12 | 12.9
Throwing       | |  2.0

Action                   |  1- 3 |  4- 6 |  7- 9 | 10-12 | 13-15 || total
-------------------------+-------+-------+-------+-------+-------++-------
Melee: War axe           |    75 |    54 |   234 |   350 |   159 ||   872
       Headbutt          |     5 |    10 |    68 |   137 |    74 ||   294
       Battleaxe         |       |       |       |    45 |       ||    45
       Trident           |       |       |       |     5 |       ||     5
Throw: Throwing net      |       |       |     1 |       |       ||     1
Invok: Temporal Distorti |       |       |       |     1 |     1 ||     2
       Slouch            |       |       |       |     1 |       ||     1
Evoke: Wand              |       |       |    11 |    12 |     6 ||    29
       Lamp of fire      |       |       |       |     1 |     1 ||     2
  Use: Scroll            |     1 |       |    10 |     8 |     8 ||    27
       Potion            |       |       |     1 |       |     1 ||     2
 Stab: Distracted        |       |       |     2 |       |       ||     2
       Held in net/web   |       |       |     1 |       |       ||     1
       Paralysed         |       |       |       |     2 |       ||     2
  Eat: Chunk             |     3 |     4 |     6 |    22 |     6 ||    41
       Ration            |       |       |     1 |     1 |       ||     2
Armor: Leather armour    |    26 |     1 |       |       |       ||    27
       Chain mail        |       |    15 |    89 |   116 |       ||   220
       Scale mail        |       |       |       |    43 |    39 ||    82
Dodge: Dodged            |    73 |    18 |   117 |   418 |   154 ||   780

Table legend:
 A = Non-vault XP
 B = Vault XP
 C = Vault XP percentage of total XP
 D = Non-vault monster count
 E = Vault monster count
 F = Vault count percentage of total count
                 A         B        C        D         E       F
            +---------+---------+-------+---------+---------+-------
      Total |   40732 |   18509 |  31.2 |     311 |     115 |  27.0
            +---------+---------+-------+---------+---------+-------
        D:1 |      21 |       0 |   0.0 |      13 |       0 |   0.0
        D:2 |      63 |       0 |   0.0 |      22 |       0 |   0.0
        D:3 |      27 |     281 |  91.2 |      12 |       1 |   7.7
        D:4 |     236 |       0 |   0.0 |       9 |       0 |   0.0
        D:5 |     277 |     677 |  71.0 |      10 |       2 |  16.7
        D:6 |    1019 |     482 |  32.1 |      20 |       7 |  25.9
        D:7 |     632 |     912 |  59.1 |      14 |       3 |  17.6
        D:8 |    1763 |       0 |   0.0 |      32 |       0 |   0.0
        D:9 |    2107 |     959 |  31.3 |      35 |       5 |  12.5
       D:10 |    1910 |     831 |  30.3 |      34 |      36 |  51.4
       D:11 |    1955 |    2512 |  56.2 |       9 |       4 |  30.8
     Lair:1 |    1576 |       0 |   0.0 |       7 |       0 |   0.0
     Lair:2 |    1571 |    1069 |  40.5 |       8 |       3 |  27.3
     Lair:3 |    5934 |     394 |   6.2 |      23 |       1 |   4.2
     Lair:4 |    7638 |    4078 |  34.8 |      21 |      14 |  40.0
     Lair:5 |    3867 |    1172 |  23.3 |      16 |       6 |  27.3
     Lair:6 |   10136 |    4960 |  32.9 |      26 |      12 |  31.6
    Ossuary |       0 |     182 | 100.0 |       0 |      21 | 100.0
            +---------+---------+-------+---------+---------+-------
